 Dungeon Crawl Stone Soup version 0.22-a0-571-g4a923d4b9e (webtiles) character file.

4 Lucibear the Skirmisher (level 1, -3/21 HPs)
             Began as a Naga Fighter on July 1, 2018.
             Slain by a kobold
             ... wielding a +0 mace
              (4 damage)
             ... on level 1 of the Dungeon.
             The game lasted 00:01:40 (235 turns).

Lucibear the Skirmisher (Naga Fighter)               Turns: 235, Time: 00:01:41

Health: -3/21      AC:  3    Str: 18    XL:     1   Next: 70%
Magic:  1/1        EV:  5    Int:  8    God:
Gold:   23         SH:  8    Dex: 10    Spells: 0/0 levels left

rFire    . . .     SeeInvis +   a - +0 long sword
rCold    . . .     Gourm    .   c - +0 shield
rNeg     . . .     Faith    .   b - +0 scale mail
rPois    +         Spirit   .   (no helmet)
rElec    .         Reflect  .   (no cloak)
rCorr    .         Harm     .   (no gloves)
MR       .....                  (no barding)
Stlth    ..........             (no amulet)
HPRegen  0.07/turn              (no ring)
MPRegen  0.07/turn              (no ring)

@: very slow
A: large, see invisible, deformed body, poison resistance, slowness 2, slow
metabolism 1, spit poison 1, AC +0
a: Spit Poison


You were on level 1 of the Dungeon.
You were not hungry.

You visited 1 branch of the dungeon, and saw 1 of its levels.

You collected 23 gold pieces.

Inventory:

Hand Weapons
 a - a +0 long sword (weapon)
Missiles
 g - 92 stones (quivered)
Armour
 b - a +0 scale mail (worn)
 c - a +0 shield (worn)
Scrolls
 e - a scroll of blinking {unknown}
Potions
 d - a potion of might
Comestibles
 f - a ration


   Skills:
 + Level 3.0 Fighting
 * Level 2.1 Long Blades
 + Level 2.4 Armour
 + Level 2.4 Shields


You couldn't memorise any spells.
You didn't know any spells.
Your spell library was empty.

Dungeon Overview and Level Annotations

Branches:
Dungeon (1/15)

Altars:


Innate Abilities, Weirdness & Mutations

You cannot wear boots.
Your serpentine skin is tough. (AC +0)
You have supernaturally acute eyesight. (SInv)
Armour fits poorly on your strangely shaped body.
Your system is resistant to poisons. (rPois)
You cover ground very slowly.
You have a slow metabolism.
You can spit poison.


Message History

There is an open door here.
You start resting.
The kobold is too close now for your liking.
The kobold hits you with a mace.
You closely miss the kobold. You block the kobold's attack.
Your shield and scale mail prevent you from hitting the kobold.
The kobold barely misses you.
You hit the kobold.
The kobold is severely wounded.
The kobold hits you with a mace.
* * * LOW HITPOINT WARNING * * *
Your shield and scale mail prevent you from hitting the kobold.
The kobold is severely wounded.
The kobold closely misses you.
You riposte.
Your scale mail prevents you from hitting the kobold.
The kobold is severely wounded.
You barely miss the kobold.
The kobold is severely wounded.
The kobold hits you with a mace.
You die...

..# #≈≈≈≈≈§§##### #.
#≈≈≈..g..§§≈# # .
#§......=§..# .
#####'###### ##.#####
####8'8#### ##
#.##...###.........###.
#.#....##...........##.
#.#....#............##.
#.'...@K......<.....8+.
#.#....#............+#.
#.#....##...........##.
#.##...###.........###.
##.##### ###8'8#8### ##
#.# ######'###### #.##
#...........# ##.###
#≈§≈.....≈≈≈# #
##..#####§≈§≈≈≈≈#####


You could see a kobold.

Vanquished Creatures
  2 goblins (D:1)
  2 hobgoblins (D:1)
4 creatures vanquished.

Notes
Turn   | Place    | Note
-------+----------+-------------------------------------------
     0 | D:1      | Lucibear the Naga Fighter began the quest for the Orb.
     0 | D:1      | Reached XP level 1. HP: 21/21 MP: 1/1
   233 | D:1      | HP: 1/21 [kobold/mace (6)]
   235 | D:1      | Slain by a kobold

Vault maps used:
D:1:      dpeg_arrival_morbid_curiosity, skrybe_limestone_x

Action                   || total
-------------------------++-------
Melee: Long sword        ||    18
Armor: Scale mail        ||     8
Dodge: Dodged            ||    10
Block: Shield            ||    19
       Rpst.: Long sword ||     3

Table legend:
 A = Spawn XP
 B = Non-spawn XP
 C = Spawn XP percentage of total XP
 D = Spawn monster count
 E = Non-spawn monster count
 F = Spawn count percentage of total count
 G = Total turns spent on level
                    A         B        C        D         E        F      G
               +---------+---------+-------+---------+---------+-------+---------
         Total |       0 |       7 |   0.0 |       0 |       4 |   0.0 |   235
               +---------+---------+-------+---------+---------+-------+---------
           D:1 |       0 |       7 |   0.0 |       0 |       4 |   0.0 |   235
               +---------+---------+-------+---------+---------+-------+---------
